Map: Catalyst LE

Players

aLive - Winner!

  • Race: Terran Terran
  • League: Grandmaster
  • Spawn Location: 11:00

Hurricane

  • Race: Protoss Protoss
  • League: Master
  • Spawn Location: 5:00

Event: Memes & Dreams Invitational

VOD

Have the link to the VOD?

Description

Time

  • Played on: April 13, 2018, 1:11 a.m.
  • Length: 8:32

All games in this series

Show
View Real Time Build Order
Export as new Build Order

aLive Terran - Winner!

Build Orders: Cyclone Opening, MMM Bio 

Get SALT Encoding   

  12  0:00  SCV  
  13  0:12  SCV  
  14  0:18  Supply Depot  
  14  0:24  SCV  
  15  0:40  Barracks, SCV  
  16  0:46  Refinery  
  16  0:52  SCV  
  16  0:56  Refinery  
  17  1:04  SCV  
  18  1:16  SCV  
  19  1:27  Reaper  
  19  1:28  Orbital Command  
  20  1:37  Supply Depot  
  20  1:49  Factory  
  20  1:55  SCV  
  20  1:59  Reaper  
  22  2:07  SCV  
  23  2:19  SCV  
  24  2:31  SCV  
  24  2:34  Cyclone  
  28  2:43  Supply Depot, SCV  
  29  2:55  SCV  
  30  3:08  Command Center, Cyclone  
  30  3:09  SCV  
  34  3:16  Supply Depot  
  34  3:21  SCV  
  34  3:26  Barracks  
  35  3:35  Barracks  
  35  3:46  Barracks Tech Lab  
  34  3:49  SCV  
  34  3:53  Engineering Bay  
  35  4:01  SCV  
  36  4:13  SCV  
  36  4:16  Barracks Reactor  
  37  4:19  Siege Tank  
  37  4:21  Barracks Tech Lab, Orbital Command  
  39  4:24  Bunker  
  39  4:25  Marine  
  39  4:30  Terran Infantry Weapons Level 1  
  39  4:31  SCV  
  41  4:40  Marine, Stimpack  
  41  4:44  SCV  
  43  4:47  Marine  
  43  4:48  SCV  
  43  4:52  Siege Tank  
  48  4:54  Marine x2  
  48  4:57  SCV  
  51  5:00  SCV  
  51  5:02  Supply Depot  
  51  5:06  Starport  
  52  5:09  SCV  
  52  5:12  SCV  
  54  5:14  Supply Depot, Barracks Reactor  
  54  5:20  Marine x2  
  58  5:21  Marauder  
  58  5:22  SCV  
  58  5:24  SCV  
  60  5:33  Supply Depot, Factory Reactor  
  60  5:37  SCV x2  
  60  5:40  Marine x2  
  66  5:42  Marauder  
  66  5:53  SCV x2  
  68  5:59  Marine x2  
  68  6:00  Medivac x2  
  68  6:04  Command Center, Marauder  
  76  6:06  Supply Depot  
  76  6:09  Combat Shields, Marauder  
  78  6:12  SCV x2  
  78  6:16  Refinery  
  78  6:18  Refinery  
  80  6:25  Terran Infantry Armor Level 1  
  80  6:26  Marine x2  
  82  6:36  Barracks  
  82  6:37  Barracks  
  82  6:44  Marauder x2  
  82  6:47  Marine x2  
  86  6:48  SCV x2  
  86  6:51  Supply Depot  
  86  6:53  Supply Depot  
  90  7:00  Concussive Shells  
  85  7:04  Marine  
  85  7:05  Marine, Marauder x2  
  85  7:06  Liberator x2  
  89  7:18  Widow Mine x2  
  89  7:19  SCV x2  
  89  7:21  Supply Depot  
  89  7:22  Supply Depot  
  101  7:30  Orbital Command  
  101  7:33  Marine x2  
  101  7:35  Barracks Tech Lab  
  103  7:37  Barracks Reactor  
  85  7:55  Marine x2, Marauder  
  85  7:56  Widow Mine x2, Marauder x2  
Show
View Real Time Build Order
Export as new Build Order

Hurricane Protoss 

Build Orders: Blink Stalkers 

Get SALT Encoding   

  12  0:00  Probe  
  13  0:12  Probe  
  14  0:18  Pylon  
  14  0:25  Probe (Chrono Boost)  
  15  0:37  Probe (Chrono Boost), Gateway  
  16  0:45  Probe (Chrono Boost)  
  16  0:46  Assimilator  
  17  0:51  Probe  
  18  1:03  Probe  
  19  1:15  Probe  
  20  1:26  Cybernetics Core  
  20  1:27  Zealot  
  20  1:28  Probe  
  20  1:30  Pylon  
  20  1:31  Assimilator  
  23  1:47  Gateway  
  23  1:48  Probe  
  24  1:59  Stalker (Chrono Boost)  
  24  2:00  Probe  
  25  2:03  Warp Gate  
  27  2:12  Probe  
  28  2:20  Pylon  
  28  2:22  Stalker  
  28  2:30  Probe  
  28  2:34  Twilight Council  
  29  2:43  Probe  
  32  2:47  Stalker (Chrono Boost)  
  32  2:49  Stalker (Chrono Boost)  
  31  2:56  Probe  
  34  3:10  Blink (Chrono Boost)  
  34  3:35  Nexus  
  34  3:36  Probe  
  33  3:42  Stalker  
  35  3:54  Robotics Facility  
  35  3:56  Probe  
  34  4:08  Probe  
  32  4:20  Probe  
  33  4:24  Stalker  
  33  4:25  Stalker  
  37  4:32  Probe  
  37  4:37  Pylon  
  38  4:42  Observer  
  39  4:46  Probe (Chrono Boost)  
  39  4:51  Stalker  
  39  4:52  Probe (Chrono Boost)  
  43  4:56  Probe (Chrono Boost)  
  43  4:57  Stalker  
  43  4:59  Probe (Chrono Boost)  
  47  5:01  Probe (Chrono Boost)  
  47  5:03  Observer  
  49  5:12  Probe (Chrono Boost)  
  50  5:14  Probe (Chrono Boost)  
  51  5:24  Nexus  
  54  5:28  Probe x2 (Chrono Boost), Observer  
  54  5:34  Probe (Chrono Boost)  
  54  5:35  Probe  
  55  5:40  Forge, Charge  
  56  5:46  Probe  
  56  5:49  Assimilator  
  57  5:50  Probe  
  58  5:57  Gateway  
  58  5:59  Probe  
  58  6:02  Pylon, Probe  
  60  6:10  Protoss Ground Armor Level 1 (Chrono Boost)  
  60  6:15  Probe x2  
  60  6:18  Pylon  
  62  6:20  Immortal (Chrono Boost)  
  66  6:27  Probe x2  
  68  6:33  Gateway  
  68  6:42  Gateway  
  68  6:43  Gateway  
  68  6:45  Gateway  
  68  6:48  Gateway  
  68  6:50  Sentry x2  
  72  6:56  Immortal (Chrono Boost)  
  72  6:57  Observer  
  68  7:09  Stalker  
  68  7:15  Zealot x2  
  72  7:20  Probe x3  
  72  7:21  Templar Archives  
  77  7:23  Pylon  
  77  7:30  Zealot  
  77  7:33  Zealot  
  77  7:34  Pylon  
  81  7:37  Zealot x2  
  75  7:45  Zealot  
  75  7:46  Zealot  
  67  7:52  Zealot  
  67  7:55  Stalker  
  67  7:57  High Templar x2  
  67  7:58  Zealot  
  69  8:01  Zealot  
  65  8:06  Stalker  
  65  8:10  Zealot  
  59  8:13  Zealot  
  57  8:20  Stalker x2  
  57  8:25  Stalker  
  57  8:27  Zealot  
Tags
 
Add a new tag
Caveats
  • Supply blocks, unpowered buildings, or Contaminate may cause inaccurate times.
  • Supply counts are checked every 10 seconds.